[Event "*** Titled Tuesday Blitz"]
[Site "Chess.com"]
[Date "2018.10.02"]
[Round "2"]
[White "LucaBrasi1968"]
[Black "b_6"]
[Result "1-0"]
[WhiteElo "2437"]
[BlackElo "2381"]
[TimeControl "180+2"]
[EndTime "13:21:17 PDT"]
[Termination "LucaBrasi1968 won by resignation"]

1. d4 d5 2. Nf3 Nf6 3. Bg5 Ne4 4. Bf4 Bf5 5. c3 c6 6. e3 e6 7. Bd3 Nd7 8. O-O Be7 9. h3 O-O 10. Bh2 Qb6 11. Qb3 c5 12. Qxb6 axb6 13. Be2 c4 14.
a3 b5 15. Nbd2 Nb6 16. Nxe4 Bxe4 17. Nd2 Bg6 18. Bd1 Na4 19. Bxa4 bxa4 20. Nf3 f6 21. Rfe1 Ra6 22. Rad1 Rb6 23. Rd2 Ra8 24. Nh4 Bd3 25. Nf3 Ra5 26. Bc7 Rab5 27. Bxb6 Rxb6 28. Rc1 Rb3 29. Ne1 Bg6 30. f3 f5 31. Kf2 h6 32. g3 Bf6 33. Ng2 Bf7 34. Nf4 g5 35. Ne2 Kg7 36. Rg1 h5 37. Nc1 Rb6 38. Na2 Rd6 39.
Nb4 Rd8 40. Re1 Bg6 41. Kg2 Rf8 42. Rf2 Kh7 43. Rfe2 Kg7 44. e4 fxe4 45. fxe4 dxe4 46.
Rxe4 Bxe4+ 47. Rxe4 Kf7 48. d5 exd5 49. Nxd5 b5 50. Nc7 Rc8 51. Nxb5 Rb8 52. Nd6+ Kg6 53.
Nxc4 Rd8 54. g4 hxg4 55. hxg4 Rd1 56. Re6 Kf7 57. Ra6 1-0

[Event "*** Titled Tuesday Blitz"]
[Site "Chess.com"]
[Date "2018.10.02"]
[Round "2"]
[White "severomorskij"]
[Black "jncool68"]
[Result "0-1"]
[WhiteElo "2695"]
[BlackElo "2681"]
[TimeControl "180+2"]
[EndTime "13:21:28 PDT"]
[Termination "jncool68 won by resignation"]

1. d4 Nf6 2. c4 e6 3. Nc3 Bb4 4. Nf3 Nc6 5. Qc2 d6 6. Bd2 Qe7 7. a3 Bxc3 8. Bxc3 e5 9. d5 Nb8 10. e4 Bg4 11. Nd2 a5 12. f3 Bd7 13. b4 axb4 14.
axb4 Rxa1+ 15. Bxa1 O-O 16. c5 Na6 17. Bxa6 bxa6 18. c6 Bc8 19. O-O Nh5 20. Nc4 f5 21. Bc3 fxe4 22. Qxe4 Nf4 23. Rd1 Bf5 24. Qe1 Bc2 25.
Rd2 Bb3 26. Ne3 Qf7 27. h3 Bxd5 28. Rc2 Be6 29. Bb2 Qg6 30. Kh2 Nxh3 31. gxh3 Rxf3 32. Rg2 Rxh3+ 33. Kg1 Qh5 34. Nf1 Bd5 35. Rh2 Qg4+ 36. Kf2 Qf3+ 0-1

[Event "*** Titled Tuesday Blitz"]
[Site "Chess.com"]
[Date "2018.10.02"]
[Round "2"]
[White "Zhuu96"]
[Black "Ramosha"]
[Result "1-0"]
[WhiteElo "2896"]
[BlackElo "2459"]
[TimeControl "180+2"]
[EndTime "13:21:30 PDT"]
[Termination "Zhuu96 won by resignation"]

1. d4 e6 2. e4 d5 3. Nc3 Nf6 4. e5 Nfd7 5. f4 c5 6. Nf3 Nc6 7. Be3 cxd4 8. Nxd4 Bc5 9. Qd2 Bxd4 10. Bxd4 Nxd4 11. Qxd4 Qb6 12. O-O-O Qxd4 13. Rxd4 Ke7 14.
h4 h5 15. Rh3 g6 16. Nb5 Nb6 17.
Rc3 Rd8 18. Nd6 Rb8 19. Bb5 Na8 20. Rb4 Rxd6 21. exd6+ Kxd6 22. Be8 Ke7 23. Ba4 Bd7 24.
Bxd7 Kxd7 25. Rd4 Nc7 26. a4 Ne8 27. Rb3 Nd6 28. a5 Rc8 29. Ra4 Rc7 30. a6 b6 31.
Rxb6 axb6 32. a7 Rc8 33. a8=Q Rxa8 34. Rxa8 Nf5 35. Ra7+ Ke8 36. Kd2 Nxh4 37. g3 Nf5 38. Ra3 Kd7 39. Ke2 d4 40. Ra7+ Kd6 41. Kf3 f6 42. Rf7 g5 43. Rxf6 g4+ 44. Kf2 Ne3 45. Rh6 Nxc2 46. Rxh5 Nb4 47. Ke2 Nd5 48. Kd3 Kc5 49.
Rg5 b5 50. Rxg4 Nb4+ 51. Kd2 Kc4 52. Rg6 Kd5 53. Rg5+ Kc4 54. Re5 Nd3 55. b3+ 1-0

[Event "*** Titled Tuesday Blitz"]
[Site "Chess.com"]
[Date "2018.10.02"]
[Round "2"]
[White "WPWPWP-2015"]
[Black "woodhy"]
[Result "0-1"]
[WhiteElo "2288"]
[BlackElo "2425"]
[TimeControl "180+2"]
[EndTime "13:21:33 PDT"]
[Termination "woodhy won by checkmate"]

1. e4 e6 2. d4 d5 3. exd5 exd5 4. Nf3 Bd6 5. Bd3 Ne7 6. Bg5 h6 7. Bh4 c6 8. Bg3 Bf5 9. O-O O-O 10. Nc3 Bxd3 11.
Qxd3 Ng6 12. Rae1 Nf4 13. Qd2 Ne6 14. Nd1 Qc7 15. Ne5 Nd7 16. c3 Rae8 17. Nd3 c5 18.
dxc5 Ndxc5 19. Bxd6 Qxd6 20. Nxc5 Qxc5 21. Ne3 d4 22.
cxd4 Nxd4 23. Rc1 Qb6 24. Rfd1 Rd8 25. Qe1 Qxb2 26. Rb1 Qxa2 27. Ra1 Qb3 28. Rdb1 Qe6 29. Rxa7 Qg6 30. Kh1 b6 31. Rb7 b5 32. Qb4 Rfe8 33.
Rd1 Nc2 34. Rxd8 Rxd8 35. Qxb5 Nxe3 36. Rb8 Qxg2# 0-1

[Event "*** Titled Tuesday Blitz"]
[Site "Chess.com"]
[Date "2018.10.02"]
[Round "2"]
[White "Vamostodorecto"]
[Black "KRASAVCHIK2002"]
[Result "1-0"]
[WhiteElo "2418"]
[BlackElo "2272"]
[TimeControl "180+2"]
[EndTime "13:21:33 PDT"]
[Termination "Vamostodorecto won by resignation"]

1. d4 Nf6 2. c4 c5 3. d5 b5 4.
cxb5 a6 5. Nc3 axb5 6. e4 b4 7. Nb5 d6 8. a4 Nbd7 9. Bd3 g6 10. b3 Bg7 11. Bb2 O-O 12. Nf3 Ne8 13. Bxg7 Kxg7 14. O-O f6 15. Nd2 Ne5 16. Be2 Nc7 17. h3 Bd7 18.
Nxc7 Qxc7 19. f4 Nf7 20. Nc4 f5 21. Bf3 fxe4 22. Bxe4 Rae8 23. Qd3 e6 24. Rad1 exd5 25. Bxd5 Bf5 26. Qd2 Nd8 27. g4 Bc8 28. Bg2 Ne6 29.
Nxd6 Rd8 30. Qe3 Nd4 31. Qe5+ Kh6 32. Nf5+ Bxf5 33. Qxc7 1-0

[Event "*** Titled Tuesday Blitz"]
[Site "Chess.com"]
[Date "2018.10.02"]
[Round "2"]
[White "Fighterman91"]
[Black "joppie2"]
[Result "0-1"]
[WhiteElo "2723"]
[BlackElo "2673"]
[TimeControl "180+2"]
[EndTime "13:21:38 PDT"]
[Termination "joppie2 won by resignation"]

1. d4 d5 2. Bf4 e6 3. e3 Nf6 4. Nd2 c5 5. c3 Nc6 6. Ngf3 Be7 7. Ne5 O-O 8. Bd3 Nd7 9. O-O g6 10. Bg3 f6 11. Nef3 f5 12. c4 cxd4 13. cxd5 exd5 14.
Nb3 dxe3 15. fxe3 Nf6 16. Nfd4 Ne4 17. Bxe4 dxe4 18. Nxc6 bxc6 19. Nd4 Qd5 20. Rc1 Bd7 21. Nb3 Be6 22. Nd4 c5 23. Nxe6 Qxe6 24. Qa4 Rfd8 25. Rfd1 a6 26. b3 Kf7 27. Bf4 h5 28. Qa5 Rxd1+ 29. Rxd1 Ra7 30. Bb8 Rd7 31. Rxd7 Qxd7 32. Qxa6 Qd2 33. Qc4+ Kf8 34. Bf4 g5 35. Bxg5 Bxg5 36.
Qxc5+ Kg7 37. Qc7+ Kg6 38. Qc6+ Bf6 39. Qe8+ Kg7 40.
Qd7+ Qxd7 0-1

[Event "*** Titled Tuesday Blitz"]
[Site "Chess.com"]
[Date "2018.10.02"]
[Round "2"]
[White "NemtsevIgor"]
[Black "nOcHeaTiNgKiD"]
[Result "1/2-1/2"]
[WhiteElo "2380"]
[BlackElo "2439"]
[TimeControl "180+2"]
[EndTime "13:21:39 PDT"]
[Termination "Game drawn by agreement"]

1. d4 Nf6 2. Bf4 Nh5 3. Bd2 Nf6 4. Nf3 d5 5. Bf4 e6 6. e3 Bd6 7. Bg3 c5 8. c3 Qc7 9. Nbd2 Nbd7 10. Bb5 O-O 11. O-O e5 12. Bxd7 Nxd7 13. dxe5 Nxe5 14.
Nxe5 Bxe5 15. Bxe5 Qxe5 16. Nf3 Qh5 17. Qb3 b6 18. Rfd1 Be6 19. Qa4 Rfd8 20. b4 Bg4 21. bxc5 Bxf3 22. gxf3 Qxf3 23. Rd4 bxc5 24. Rf4 Qh5 25.
Qc6 Rac8 26. Qb7 Qg5+ 27. Kh1 Qg6 28. Rg1 Qe6 29. Qxa7 g6 30. Rg3 Rd7 31. Qa4 Rb8 32. Kg2 Rdb7 33. Rgf3 Qe5 34. h3 Qxc3 35. Qc6 Qe5 36.
Qxc5 Rc7 37. Qd4 Qxd4 38. Rxd4 Ra8 39. a4 Rca7 40. Rxd5 Rxa4 41. Rd7 R4a7 42. Rxa7 Rxa7 1/2-1/2

[Event "*** Titled Tuesday Blitz"]
[Site "Chess.com"]
[Date "2018.10.02"]
[Round "2"]
[White "nubair1198"]
[Black "PowerThinking2650"]
[Result "1-0"]
[WhiteElo "2519"]
[BlackElo "2344"]
[TimeControl "180+2"]
[EndTime "13:21:41 PDT"]
[Termination "nubair1198 won by resignation"]

1. c4 Nf6 2. Nf3 g6 3. b3 Bg7 4. Bb2 O-O 5. g3 d5 6. cxd5 Qxd5 7. Bg2 a5 8. O-O Qh5 9. Re1 Bh3 10. e4 Nc6 11. Na3 Rad8 12. Nc4 Ng4 13. Bxg7 Kxg7 14. Nh4 Bxg2 15. Kxg2 b5 16. Ne3 Nxe3+ 17. Rxe3 Qxd1 18.
Rxd1 Nb4 19. Rc3 Nxa2 20. Rxc7 Rd4 21. Nf3 Rxe4 22. Ra1 Nb4 23. Rxa5 Rb8 24. Rc5 Nd3 25. Rd5 Ne1+ 26. Nxe1 Rxe1 27. Raxb5 Rxb5 28. Rxb5 Rd1 29. Rd5 e6 30. Rd3 e5 31. Kf3 Rb1 32. Ke4 Re1+ 33. Kd5 Kf6 34. b4 Rb1 35. Rf3+ Ke7 36. Kc5 Rc1+ 37.
Kd5 f6 38. b5 Rc2 39. Rd3 Rc8 40. b6 Kd7 41. Rc3 Rb8 42. Rc7+ Kd8 43. Kc6 1-0

[Event "*** Titled Tuesday Blitz"]
[Site "Chess.com"]
[Date "2018.10.02"]
[Round "2"]
[White "Didici"]
[Black "Shant_Sargsyan"]
[Result "0-1"]
[WhiteElo "2610"]
[BlackElo "2905"]
[TimeControl "180+2"]
[EndTime "13:21:42 PDT"]
[Termination "Shant_Sargsyan won by resignation"]

1. d4 Nf6 2. c4 e6 3. Nc3 Bb4 4. e3 O-O 5. Bd3 d5 6. Nf3 dxc4 7. Bxc4 c5 8. O-O Nc6 9. Bb5 Bd7 10. Qe2 a6 11. Bd3 Rc8 12. Rd1 Qe7 13. Na4 Nxd4 14.
exd4 Bxa4 15. b3 Bc6 16. dxc5 Bxc5 17. Bb2 Rfd8 18. Ne5 Bd5 19. Kh1 Ba3 20. Bd4 b5 21. f3 Ba8 22. Bb6 Rd5 23. Bf2 Bd6 24. f4 Rd8 25.
Bh4 h6 26. Rd2 Bb4 27. Rdd1 Rd4 28. Rf1 Kf8 29. Rad1 Qd6 30. Bxf6 gxf6 31. Qh5 fxe5 32. fxe5 Qe7 33. Qxh6+ Ke8 34. Qh8+ Qf8 35. Bxb5+ axb5 36. Qh7 0-1

[Event "*** Titled Tuesday Blitz"]
[Site "Chess.com"]
[Date "2018.10.02"]
[Round "2"]
[White "AliKa2810"]
[Black "2165149677570"]
[Result "1-0"]
[WhiteElo "2477"]
[BlackElo "2312"]
[TimeControl "180+2"]
[EndTime "13:21:44 PDT"]
[Termination "AliKa2810 won by resignation"]

1. e4 c5 2. Nf3 d6 3. d4 cxd4 4. Nxd4 Nf6 5. Nc3 a6 6. Bc4 e6 7. O-O Qc7 8. Bb3 Be7 9. f4 O-O 10. f5 e5 11. Nde2 b5 12. Bg5 Nbd7 13. Bxf6 Nxf6 14.
Nd5 Nxd5 15. Bxd5 Bb7 16. Nc3 Bxd5 17. Nxd5 Qc5+ 18. Kh1 Bg5 19. Qg4 f6 20. c3 a5 21.
Qh5 Ra7 22. Rf3 b4 23. Rh3 Bh6 24. Rg3 Kh8 25. Nxf6 bxc3 26. Rxc3 Qf2 27. Rd1 gxf6 28. Qxh6 Rg7 29. Rg3 Rff7 30. Rc1 Rc7 31. Qxg7+ Rxg7 32. Rc8+ 1-0

[Event "*** Titled Tuesday Blitz"]
[Site "Chess.com"]
[Date "2018.10.02"]
[Round "2"]
[White "Gerasimenyuk_Miha"]
[Black "cool4chess"]
[Result "0-1"]
[WhiteElo "2240"]
[BlackElo "2147"]
[TimeControl "180+2"]
[EndTime "13:21:47 PDT"]
[Termination "cool4chess won by checkmate"]

1. d4 d5 2. c4 c6 3. Nc3 Nf6 4. Nf3 e6 5. Bg5 dxc4 6. e4 b5 7. e5 h6 8. Bh4 g5 9. Nxg5 hxg5 10. Bxg5 Nbd7 11. exf6 Bb7 12. g3 Qb6 13. Bg2 O-O-O 14. O-O c5 15. d5 b4 16. Rb1 Qa6 17. a3 bxc3 18. bxc3 Nb6 19. Qg4 Bxd5 20. Bxd5 Rxd5 21. Rfe1 Nd7 22. Bf4 Bd6 23. Bxd6 Qxd6 24. Qxc4 Nb6 25. Qg4 Nd7 26. Qa4 a6 27. Rb2 Ne5 28. Reb1 Nf3+ 29.
Kg2 Rxh2+ 30. Kxf3 Rd3+ 31. Ke2 Rxf2+ 32. Kxf2 Qxg3+ 33.
Ke2 Qf3+ 34. Ke1 Re3+ 35. Kd2 Re2+ 36. Kc1 Qxc3+ 37. Rc2 Re1# 0-1

[Event "*** Titled Tuesday Blitz"]
[Site "Chess.com"]
[Date "2018.10.02"]
[Round "2"]
[White "johnathan113"]
[Black "Sanan_Sjugirov"]
[Result "1-0"]
[WhiteElo "2544"]
[BlackElo "2804"]
[TimeControl "180+2"]
[EndTime "13:21:48 PDT"]
[Termination "johnathan113 won by resignation"]

1. e4 c5 2. Nf3 e6 3. d4 cxd4 4. Nxd4 Nc6 5. Nc3 a6 6. g3 Nf6 7.
Bg2 d6 8. Nxc6 bxc6 9. e5 Nd5 10. exd6 Bxd6 11. Ne4 Be7 12. c4 Nb4 13. O-O O-O 14.
Be3 Qxd1 15. Raxd1 Nxa2 16. Bc5 Bxc5 17. Nxc5 Rb8 18.
Rd2 Nb4 19. Rfd1 e5 20. h3 h5 21. Kh2 Bf5 22. Bf3 Rfe8 23. Bxh5 Nc2 24. Nxa6 Rb6 25. Nc7 Re7 26. Rd8+ Kh7 27. Ne8 Nd4 28. Nd6 Bg6 29. Bxg6+ Kxg6 30. Nc8 Reb7 31. Nxb6 Rxb6 32. Rb1 Rb4 33. b3 f6 34. Rc8 Rb7 35. b4 Ra7 36. b5 cxb5 37. cxb5 Rb7 38. b6 1-0

[Event "*** Titled Tuesday Blitz"]
[Site "Chess.com"]
[Date "2018.10.02"]
[Round "2"]
[White "Gabrielian_Artur"]
[Black "Ravan_02"]
[Result "1-0"]
[WhiteElo "2693"]
[BlackElo "2547"]
[TimeControl "180+2"]
[EndTime "13:21:52 PDT"]
[Termination "Gabrielian_Artur won by resignation"]

1. e4 e5 2. Nf3 Nc6 3. Bc4 Bc5 4. d3 Nf6 5. c3 d6 6. Bg5 h6 7. Bh4 a6 8. a4 Ba7 9. Nbd2 g5 10. Bg3 Qe7 11. O-O Be6 12. b4 Nh5 13. Kh1 Nxg3+ 14.
fxg3 h5 15. b5 Nd8 16. bxa6 bxa6 17. Bxa6 h4 18. Qe1 h3 19. Bc4 hxg2+ 20. Kxg2 Bh3+ 21. Kh1 c6 22. Qe2 Ne6 23. Rfb1 g4 24. Ng1 Ng5 25.
Nxh3 Nxh3 26. Rf1 d5 27. exd5 O-O-O 28. Qxg4+ Kb8 29. Rab1+ Ka8 30. dxc6 Nf2+ 31. Rxf2 Bxf2 32. Ne4 Ba7 33. Qf5 Rh6 34. Rb7 Qa3 35. Rxa7+ Kxa7 36. Qxf7+ 1-0

[Event "*** Titled Tuesday Blitz"]
[Site "Chess.com"]
[Date "2018.10.02"]
[Round "2"]
[White "BillForster"]
[Black "HouseOfDurin"]
[Result "0-1"]
[WhiteElo "1698"]
[BlackElo "1810"]
[TimeControl "180+2"]
[EndTime "13:22:11 PDT"]
[Termination "HouseOfDurin won by checkmate"]

1. d4 Nf6 2. c4 c5 3. d5 b5 4. a4 bxc4 5. Nc3 d6 6. e4 Nbd7 7. Nf3 g6 8. Nd2 Bg7 9. Nxc4 O-O 10. Bd3 Nb6 11. O-O Nxc4 12. Bxc4 Nd7 13. f4 Qa5 14. Bd2 Qb4 15. Qe2 Nb6 16. Bb5 c4 17. a5 Bxc3 18. Bxc3 Qxb5 19. axb6 Qxb6+ 20. Kh1 Ba6 21. Qg4 Bb5 22. Qh4 f6 23. Rae1 Rae8 24. Qh6 Qc7 25. e5 dxe5 26. fxe5 e6 27. exf6 Qf7 28. dxe6 Rxe6 29.
Rxe6 Qxe6 30. f7+ Rxf7 31. Qd2 Rxf1# 0-1

[Event "*** Titled Tuesday Blitz"]
[Site "Chess.com"]
[Date "2018.10.02"]
[Round "2"]
[White "sergoy"]
[Black "bourideu"]
[Result "1-0"]
[WhiteElo "2778"]
[BlackElo "2450"]
[TimeControl "180+2"]
[EndTime "13:22:16 PDT"]
[Termination "sergoy won by resignation"]

1. d4 Nf6 2. Nf3 d5 3. c4 e6 4. g3 Bb4+ 5. Bd2 Be7 6. Bg2 O-O 7. O-O c6 8. b3 Nbd7 9. Bc3 a5 10. Nbd2 b5 11.
Qc2 Ba6 12. Rfe1 bxc4 13. bxc4 dxc4 14. e4 Rb8 15. Bf1 c5 16. Nxc4 Bxc4 17. Bxc4 cxd4 18. Bxd4 Bc5 19. e5 Ng4 20. Rad1 Qe7 21. h3 Nh6 22. g4 Rfc8 23. Qe2 Nf8 24. Ba6 Rd8 25. Qe3 Bb4 26. Rf1 Rd7 27. a4 Rbd8 28. Bb5 Rd5 29.
Bc6 Ng6 30. Bxd5 Rxd5 31. Bc3 Bc5 32. Qe4 Rd7 33. Qc6 Rxd1 34. Rxd1 Kh8 35. Bd2 Ng8 36. Bg5 f6 37. exf6 gxf6 38. Bd2 Kg7 39. Bc3 Kf8 40. Rd7 1-0

[Event "*** Titled Tuesday Blitz"]
[Site "Chess.com"]
[Date "2018.10.02"]
[Round "2"]
[White "tigra"]
[Black "Vuk2000"]
[Result "1-0"]
[WhiteElo "2691"]
[BlackElo "2715"]
[TimeControl "180+2"]
[EndTime "13:22:17 PDT"]
[Termination "tigra won by resignation"]

1. e4 e6 2. d4 d5 3. Nc3 Bb4 4. a3 Bxc3+ 5. bxc3 dxe4 6. Qg4 Nf6 7. Qxg7 Rg8 8. Qh6 c5 9. Bg5 Nbd7 10. Ne2 Rg6 11. Qh4 Qa5 12. Bd2 Qc7 13. Qf4 e5 14. dxe5 Qxe5 15. h3 Nd5 16. Qxe5+ Nxe5 17. Nf4 Nxf4 18.
Bxf4 Nc6 19. O-O-O Be6 20. Rd6 Rd8 21. Rxd8+ Kxd8 22. g3 f5 23. Be2 Rg7 24. Rd1+ Rd7 25. Bd6 c4 26. f3 Ne7 27. fxe4 fxe4 28. g4 Nc8 29.
Bc5 Rxd1+ 30. Kxd1 b6 31. Bf2 Nd6 32. Kd2 Nb5 33. a4 Nd6 34. Bg3 Ke7 35. Ke3 Bd7 36. Bxd6+ Kxd6 37. Bxc4 Bxa4 38. g5 Bxc2 39. Bg8 Ke5 40.
Bxh7 a5 41. h4 a4 42. h5 Bb3 43. h6 a3 44. Bxe4 a2 45. h7 a1=Q 46. h8=Q+ Kd6 47. Qd8+ Ke6 48. Qxb6+ Ke5 1-0

[Event "*** Titled Tuesday Blitz"]
[Site "Chess.com"]
[Date "2018.10.02"]
[Round "2"]
[White "Alex_Terzi"]
[Black "Thee-Chessboy"]
[Result "1-0"]
[WhiteElo "2459"]
[BlackElo "2301"]
[TimeControl "180+2"]
[EndTime "13:22:17 PDT"]
[Termination "Alex_Terzi won by resignation"]

1. e4 c5 2. Nf3 d6 3. d4 cxd4 4. Nxd4 Nf6 5. Nc3 a6 6. a4 e6 7. Be3 b6 8. Bd3 Bb7 9. O-O Be7 10.
f4 Nbd7 11. Qe1 O-O 12. Kh1 Nc5 13. Bg1 g6 14. Qe2 e5 15. Nb3 Rc8 16. Nxc5 bxc5 17.
Bxa6 Bxa6 18. Qxa6 Rb8 19. Rab1 Rb4 20. Qd3 Qb8 21.
b3 Qb7 22. Rbe1 Rd8 23. f5 d5 24. fxg6 hxg6 25. exd5 Nxd5 26. Nxd5 Rxd5 27. Qf3 Rf4 28. Qe2 Rxf1 29. Rxf1 Bg5 30. Qb5 Qe7 31. Qc6 Rd2 32. Bxc5 Qd8 33. Bb6 Qe7 34. a5 Bf4 35. a6 Qh4 36. Bg1 Qg4 37. a7 e4 38. a8=Q+ Kg7 39. Qxe4 1-0

[Event "*** Titled Tuesday Blitz"]
[Site "Chess.com"]
[Date "2018.10.02"]
[Round "2"]
[White "ChainsOfFantasia"]
[Black "Aklanion"]
[Result "0-1"]
[WhiteElo "2355"]
[BlackElo "2161"]
[TimeControl "180+2"]
[EndTime "13:22:18 PDT"]
[Termination "Aklanion won by checkmate"]

1. Nc3 d5 2. e3 Nf6 3. d4 g6 4. f4 Bg7 5. Nf3 O-O 6. Be2 c5 7. O-O cxd4 8. exd4 Bf5 9. Nh4 Nc6 10. Nxf5 gxf5 11.
Be3 Rc8 12. Rc1 Qa5 13. Qe1 Qb4 14. Nd1 Qxe1 15. Rxe1 Ne4 16. Nc3 Nxc3 17. bxc3 Na5 18. Bd2 b6 19. g4 fxg4 20. Bxg4 Rc7 21. f5 Nc4 22. Bf4 Rc6 23. Rxe7 a5 24. Bf3 Rd8 25. Bc7 Rc8 26. Bxd5 R6xc7 27. Rxc7 Rxc7 28. Rb1 Ne3 29. Be4 Rxc3 30. Rxb6 Bxd4 31. Rb8+ Kg7 32. Rd8 Bc5 33. Kh1 Nxc2 34. Rc8 Ne3 35. Rc6 Rc1# 0-1

[Event "*** Titled Tuesday Blitz"]
[Site "Chess.com"]
[Date "2018.10.02"]
[Round "2"]
[White "Perecke"]
[Black "Synctel"]
[Result "1-0"]
[WhiteElo "1968"]
[BlackElo "1978"]
[TimeControl "180+2"]
[EndTime "13:22:20 PDT"]
[Termination "Perecke won by resignation"]

1. e4 e6 2. d4 d5 3. Nc3 Nf6 4. e5 Nfd7 5. Nce2 c5 6. c3 Nc6 7.
f4 f5 8. Nf3 Be7 9. g3 O-O 10.
Bg2 b6 11. O-O Qc7 12. h3 Ba6 13. Be3 Rac8 14. Rc1 Na5 15. b3 Nb8 16. g4 g6 17.
gxf5 gxf5 18. Kh2 Kh8 19. Rg1 Bxe2 20. Qxe2 Qd7 21. Bh1 Rg8 22. h4 cxd4 23. cxd4 Nbc6 24. Ng5 Ba3 25. Rc2 Nb4 26. Rxc8 Rxc8 27. Qh5 Rf8 28. Qh6 Qe7 29. Nxe6 Rg8 30. Rxg8+ Kxg8 31. Ng5 Nc2 32. Bxd5+ Kh8 1-0

[Event "*** Titled Tuesday Blitz"]
[Site "Chess.com"]
[Date "2018.10.02"]
[Round "2"]
[White "robbykevlishvili"]
[Black "josmito10"]
[Result "1-0"]
[WhiteElo "2664"]
[BlackElo "2750"]
[TimeControl "180+2"]
[EndTime "13:22:21 PDT"]
[Termination "robbykevlishvili won by resignation"]

1. e4 c5 2. Nf3 d6 3. d4 cxd4 4. Nxd4 Nf6 5. Nc3 a6 6. Bc4 e6 7.
f4 b5 8. Bb3 Bb7 9. O-O Be7 10.
e5 dxe5 11. fxe5 Bc5 12. Be3 Nc6 13. exf6 Bxd4 14. Bxd4 Qxd4+ 15. Qxd4 Nxd4 16. Rad1 Nxb3 17. axb3 gxf6 18. Rxf6 Rg8 19. g3 Rg6 20. Rf4 Ke7 21. Ne2 e5 22. Rh4 h6 23. c3 f5 24. Kf2 Rf8 25. Ke3 Ke6 26. Nc1 Bd5 27. Nd3 Rc8 28.
b4 Rc4 29. Nc5+ Kd6 30. Rxc4 bxc4 31. Ra1 f4+ 32. gxf4 exf4+ 33. Kxf4 Rf6+ 34. Ke3 Rf3+ 35. Ke2 Rh3 36. Rxa6+ Ke5 37. Nd7+ Kf5 38. Rf6+ Kg5 39. Rf2 Be4 40. Nf6 Bd3+ 41. Kd2 Kg6 42. Ng4 Rh5 43. b3 Rd5 44. Ne3 Rd8 45. bxc4 Bxc4+ 46. Kc2 Bd3+ 47. Kb3 Be4 48. Ng4 Kg5 49. Ne5 Rd1 50. b5 Rb1+ 51. Kc4 h5 52. Kc5 h4 53. c4 h3 54. Nf3+ Kf4 55.
Nd2+ Ke3 56. Nxe4 Kxe4 57. b6 Ke3 58. Ra2 Kf3 59. Kc6 1-0

[Event "*** Titled Tuesday Blitz"]
[Site "Chess.com"]
[Date "2018.10.02"]
[Round "2"]
[White "mishanick"]
[Black "ahmadzada13"]
[Result "0-1"]
[WhiteElo "2856"]
[BlackElo "2631"]
[TimeControl "180+2"]
[EndTime "13:22:23 PDT"]
[Termination "ahmadzada13 won by resignation"]

1. d4 Nf6 2. c4 e6 3. Nf3 c5 4. d5 exd5 5. cxd5 d6 6. Nc3 g6 7. h3 Bg7 8. e4 O-O 9. Bd3 Nbd7 10. O-O Nh5 11. Bg5 Bf6 12. Be3 Ne5 13. Be2 Nxf3+ 14.
Bxf3 Ng7 15. Qd2 Bd7 16. Bg4 b5 17. f4 b4 18. Ne2 Rc8 19. Rac1 Re8 20. Qd3 Bxg4 21.
hxg4 Bxb2 22. Rc2 Bf6 23. g5 Be7 24. Bc1 f5 25. e5 dxe5 26. fxe5 c4 27. Rxc4 Bc5+ 28.
Kh1 Nh5 29. Nf4 Qxg5 30. Rf3 Rxe5 31. Bd2 Re4 32. d6 Nxf4 33. Rxe4 Qh4+ 34. Rh3 Nxd3 35. d7 Nf2+ 36. Kh2 Bd6+ 37. g3 Qxh3+ 0-1

[Event "*** Titled Tuesday Blitz"]
[Site "Chess.com"]
[Date "2018.10.02"]
[Round "2"]
[White "kharov2001"]
[Black "Zarikovs1999"]
[Result "0-1"]
[WhiteElo "2188"]
[BlackElo "2201"]
[TimeControl "180+2"]
[EndTime "13:22:24 PDT"]
[Termination "Zarikovs1999 won by resignation"]

1. e4 c5 2. Nf3 d6 3. d4 cxd4 4.
Nxd4 Nf6 5. Nc3 a6 6. Be3 e5 7. Nf3 Be7 8. Bc4 Be6 9. Qe2 b5 10. Bb3 Nc6 11. O-O O-O 12. Rad1 Na5 13. Bg5 Nxb3 14.
axb3 Qc7 15. Bxf6 Bxf6 16. Nd5 Bxd5 17. Rxd5 Rac8 18. c3 Be7 19. Qd3 Rfd8 20. Rd1 g6 21. Ne1 Qc6 22. Nc2 Rb8 23. Ra1 Qb6 24. b4 Rdc8 25.
g3 Rc4 26. Kg2 Rbc8 27. f3 Kg7 28. Ne3 R4c6 29. Qd2 h6 30. Rd3 Bg5 31. Kf2 Bxe3+ 32. Qxe3 Kf6 33. Rad1 Ke6 34. Rxd6+ Rxd6 0-1

[Event "*** Titled Tuesday Blitz"]
[Site "Chess.com"]
[Date "2018.10.02"]
[Round "2"]
[White "biostatistician"]
[Black "dretch"]
[Result "0-1"]
[WhiteElo "2575"]
[BlackElo "2795"]
[TimeControl "180+2"]
[EndTime "13:22:26 PDT"]
[Termination "dretch won by resignation"]

1. d4 d5 2. Nf3 Nf6 3. c4 c6 4. cxd5 cxd5 5. Nc3 Nc6 6. Bf4 a6 7. Rc1 Bf5 8. e3 e6 9. Qb3 Ra7 10. Be2 Be7 11. O-O O-O 12. Na4 Na5 13. Qb6 Qxb6 14. Nxb6 Nc6 15. Ne5 Bd8 16. Nxc6 bxc6 17. Rxc6 Rb7 18.
Na4 a5 19. Rfc1 h6 20. Bd6 Re8 21. Ba6 Ra7 22. Bb5 Rb7 23. Nc3 Ne4 24. a4 Nxd6 25.
Rxd6 Rf8 26. Na2 g5 27. Rc8 Bc7 28. Rxf8+ Kxf8 29. Rd7 e5 30. Rxd5 Be6 31. Nc3 Bxd5 32. Nxd5 exd4 33. exd4 Bb6 34. Nxb6 Rxb6 35. d5 Ke7 36.
Kf1 Kd6 37. b3 Kc5 38. Ke2 Rf6 39. Bc4 Kd4 40. f3 Rd6 41. Kd2 f5 42. Bd3 Rxd5 43.
Bc4 Rc5 44. g3 f4 45. Ke2 Re5+ 46. Kf2 Re3 47. Bf7 Rc3 48. Kg2 Ke3 49. Bd5 Rd3 50.
Bc4 Rd2+ 51. Kh3 Kxf3 52. g4 Kf2 53. b4 Rc2 0-1

[Event "*** Titled Tuesday Blitz"]
[Site "Chess.com"]
[Date "2018.10.02"]
[Round "2"]
[White "Rodalquilar"]
[Black "Cryptinz"]
[Result "1-0"]
[WhiteElo "2490"]
[BlackElo "2349"]
[TimeControl "180+2"]
[EndTime "13:22:28 PDT"]
[Termination "Rodalquilar won by resignation"]

1. d4 d5 2. Bg5 Nf6 3. Nd2 g6 4. Bxf6 exf6 5. e3 Bg7 6. g3 O-O 7. Bg2 c5 8. c3 Nc6 9. Ne2 Bg4 10. O-O Qd7 11. Re1 Rfe8 12. dxc5 Ne5 13. Qc2 Qb5 14.
Nb3 Bf5 15. Ned4 Qd3 16. Qxd3 Nxd3 17. Nxf5 gxf5 18. Re2 f4 19. Rd2 Ne5 20. gxf4 Nc4 21. Re2 Rad8 22. Rd1 a5 23. Rxd5 a4 24. Nd4 b5 25. b3 Na5 26. b4 Nc4 27. Nxb5 f5 28.
Nd4 a3 29. Rxd8 Rxd8 30. c6 Nb6 31. Rc2 Na4 32. b5 Nc5 33. b6 Rc8 34. b7 Re8 35.
c7 Bxd4 36. cxd4 Nxb7 37. Bxb7 1-0

[Event "*** Titled Tuesday Blitz"]
[Site "Chess.com"]
[Date "2018.10.02"]
[Round "2"]
[White "topotun"]
[Black "mc4chess"]
[Result "1-0"]
[WhiteElo "2721"]
[BlackElo "2437"]
[TimeControl "180+2"]
[EndTime "13:22:30 PDT"]
[Termination "topotun won by resignation"]

1. e4 c5 2. Nf3 e6 3. d4 cxd4 4. Nxd4 a6 5. Nc3 Qc7 6. Bd3 Nf6 7. Qe2 d6 8. O-O g6 9. Rd1 Bg7 10. Nf3 O-O 11. h3 Nc6 12. Bf4 Ne5 13. Nxe5 dxe5 14.
Be3 Nh5 15. Na4 Nf4 16. Qd2 b5 17. Nb6 Rb8 18. Nxc8 Rfxc8 19. a4 bxa4 20. Bf1 Rxb2 21. Rxa4 Rxc2 22. Qd7 Qxd7 23. Rxd7 Rb2 24. g3 Nh5 25. Rxa6 Nf6 26. Re7 Nxe4 27. Raa7 Rf8 28. Bc4 Nd6 29. Bxe6 Bf6 30. Red7 Rd8 31. Bd5 Rbb8 32. g4 Rxd7 33. Rxd7 Rd8 34. Rc7 Rf8 35. Kg2 Bd8 36. Rd7 Ne8 37.
Rxd8 1-0

[Event "*** Titled Tuesday Blitz"]
[Site "Chess.com"]
[Date "2018.10.02"]
[Round "2"]
[White "luizzy"]
[Black "Kawhi_Leonard2"]
[Result "1-0"]
[WhiteElo "2426"]
[BlackElo "2273"]
[TimeControl "180+2"]
[EndTime "13:22:33 PDT"]
[Termination "luizzy won by resignation"]

1. d4 Nf6 2. c4 c5 3. d5 e6 4. Nc3 exd5 5. cxd5 d6 6. e4 g6 7. Bd3 Bg7 8. h3 a6 9. a4 Nbd7 10. Nf3 Nh5 11. Bg5 Bf6 12. Bxf6 Qxf6 13. Ne2 Qxb2 14. O-O O-O 15. a5 Ne5 16. Nxe5 Qxe5 17. Qc2 f5 18.
exf5 Bxf5 19. Bxf5 Qxf5 20. Qb3 Rae8 21. Rae1 Qf7 22. f3 Re5 23. Nc3 Rfe8 24. Ne4 Qe7 25. Rb1 Nf4 26. Qxb7 Rxe4 27. fxe4 Qg5 28. Rb2 Nxh3+ 29.
Kh2 Nf4 30. Rbf2 Qh4+ 31. Kg1 g5 32. Qd7 Rxe4 33. Qxd6 Qg3 34. Qd8+ Kg7 35. Qd7+ Kg6 36. d6 g4 37. Rxf4 Rxf4 38. Qe8+ Kg5 39. Qe5+ 1-0